Map: King's Cove LE

Players

Astrea

  • Race: Protoss Protoss
  • League: Grandmaster
  • Spawn Location: 11:00

Cham - Winner!

  • Race: Zerg Zerg
  • League: Master
  • Spawn Location: 5:00

Event: 2019 WCS Winter Americas

VOD

Have the link to the VOD?

Description

Time

  • Played on: March 23, 2019, 3:50 p.m.
  • Length: 15:14

All games in this series

Show
View Real Time Build Order
Export as new Build Order

Astrea Protoss 

Build Orders: Nexus First, Phoenix Opening 

Get SALT Encoding   

  12  0:00  Probe  
  13  0:12  Probe  
  14  0:18  Pylon  
  14  0:24  Probe  
  15  0:32  Probe  
  15  0:40  Probe  
  17  0:51  Probe  
  18  1:05  Nexus  
  18  1:07  Probe  
  19  1:17  Probe  
  19  1:19  Gateway  
  20  1:26  Probe  
  20  1:28  Assimilator  
  21  1:36  Probe  
  22  1:40  Assimilator  
  22  1:44  Pylon  
  22  1:48  Probe  
  23  2:02  Probe  
  23  2:07  Cybernetics Core  
  24  2:09  Zealot  
  24  2:15  Probe x2  
  28  2:23  Probe  
  28  2:27  Probe  
  30  2:33  Probe, Stalker  
  31  2:39  Probe  
  31  2:44  Warp Gate  
  34  2:45  Probe  
  34  2:51  Probe  
  36  2:54  Stargate  
  36  2:57  Probe  
  36  3:03  Probe  
  37  3:07  Sentry  
  37  3:09  Probe  
  40  3:15  Probe  
  40  3:17  Pylon  
  40  3:18  Shield Battery  
  41  3:21  Probe  
  42  3:27  Probe  
  42  3:30  Void Ray, Gateway  
  42  3:31  Gateway  
  45  3:34  Probe  
  48  3:42  Probe  
  48  3:45  Phoenix  
  48  3:46  Pylon  
  48  3:47  Probe  
  50  3:52  Sentry  
  50  3:54  Probe  
  50  3:55  Pylon  
  53  3:59  Probe  
  53  4:02  Assimilator  
  54  4:06  Probe  
  55  4:11  Probe  
  55  4:15  Nexus  
  56  4:18  Pylon  
  56  4:20  Probe  
  56  4:23  Probe  
  58  4:24  Void Ray  
  62  4:32  Probe  
  62  4:35  Probe  
  64  4:42  Assimilator  
  64  4:44  Robotics Facility, Probe  
  65  4:45  Forge  
  65  4:46  Phoenix  
  65  4:48  Probe  
  66  4:53  Pylon  
  66  4:56  Probe  
  67  5:01  Probe  
  67  5:04  Sentry  
  70  5:07  Pylon  
  70  5:08  Pylon  
  70  5:09  Probe  
  70  5:13  Probe  
  72  5:21  Probe  
  73  5:25  Probe  
  73  5:26  Observer  
  74  5:30  Probe  
  74  5:33  Probe  
  77  5:36  Protoss Ground Weapons Level 1  
  77  5:37  Probe  
  77  5:38  Robotics Bay  
  77  5:40  Twilight Council  
  77  5:42  Probe, Assimilator  
  79  5:44  Assimilator  
  79  5:45  Probe, Immortal  
  79  5:49  Probe, Sentry  
  83  5:52  Shield Battery  
  83  5:54  Probe  
  88  5:57  Probe  
  88  6:01  Probe  
  90  6:06  Stalker  
  90  6:07  Probe  
  90  6:09  Probe  
  94  6:13  Probe  
  94  6:14  Gateway  
  94  6:15  Gateway  
  94  6:18  Gateway  
  95  6:19  Phoenix, Probe  
  95  6:20  Pylon  
  95  6:21  Probe  
  98  6:25  Probe  
  100  6:33  Disruptor, Photon Cannon  
  100  6:42  Photon Cannon, Protoss Air Weapons Level 1  
  100  6:46  Stargate  
  103  6:48  Photon Cannon, Stargate  
  103  6:51  Phoenix, Pylon  
  105  7:02  Fleet Beacon  
  105  7:15  Observer  
  105  7:16  Phoenix  
  107  7:32  Void Ray x2  
  107  7:35  Nexus  
  107  7:36  Pylon  
  115  7:44  Void Ray  
  115  7:47  Stalker x5  
  121  7:55  Stalker  
  121  7:58  Probe  
  121  7:59  Probe x2  
  121  8:00  Photon Cannon  
  124  8:10  Stalker x5  
  132  8:15  Void Ray  
  136  8:24  Nexus  
  136  8:33  Pylon  
  136  8:35  Pylon  
  136  8:40  Assimilator  
  136  8:44  Assimilator  
  138  8:51  Void Ray  
  138  8:52  Stalker x2  
  146  9:09  Stalker x2  
  129  9:39  Stalker x6  
Show
View Real Time Build Order
Export as new Build Order

Cham Zerg - Winner!

Build Orders: Hatch First 

Get SALT Encoding   

  12  0:00  Drone  
  13  0:08  Drone  
  14  0:17  Overlord  
  14  0:35  Drone x2  
  16  0:49  Hatchery  
  15  0:53  Drone  
  15  0:57  Drone  
  17  0:59  Drone  
  18  1:10  Extractor  
  17  1:17  Spawning Pool  
  16  1:19  Drone  
  16  1:23  Drone  
  18  1:29  Drone  
  19  1:40  Overlord  
  19  1:51  Drone  
  20  2:02  Drone  
  20  2:03  Drone  
  20  2:05  Queen x2  
  26  2:11  Metabolic Boost  
  26  2:15  Zergling x2  
  27  2:18  Zergling x2  
  28  2:23  Drone  
  28  2:24  Drone  
  30  2:41  Hatchery  
  29  2:45  Drone x2  
  31  2:51  Queen  
  33  2:58  Overlord  
  33  3:00  Drone x2  
  35  3:07  Overlord  
  35  3:08  Drone  
  36  3:17  Drone x4  
  36  3:19  Drone  
  41  3:20  Drone  
  41  3:23  Drone  
  43  3:29  Overlord  
  43  3:35  Queen  
  43  3:37  Queen  
  47  3:43  Drone x3  
  47  3:46  Overlord  
  47  3:48  Drone  
  51  3:54  Drone x3  
  54  3:57  Overlord  
  54  3:58  Drone  
  54  4:02  Drone x2  
  57  4:03  Drone  
  57  4:06  Drone  
  57  4:08  Overlord  
  59  4:10  Drone  
  59  4:14  Drone  
  61  4:21  Extractor, Lair, Roach Warren  
  61  4:22  Drone  
  61  4:24  Drone  
  61  4:25  Drone  
  61  4:29  Roach Warren  
  61  4:36  Overlord x2  
  61  4:38  Drone x3  
  64  4:41  Extractor, Drone x2  
  64  4:42  Extractor  
  64  4:43  Drone  
  65  4:45  Overlord  
  65  4:48  Drone x2  
  65  4:51  Drone x2  
  69  4:53  Drone x2  
  69  4:54  Drone  
  69  4:56  Drone  
  69  4:57  Drone  
  74  5:01  Extractor x2  
  74  5:02  Drone x3  
  74  5:03  Drone  
  76  5:12  Hatchery  
  75  5:15  Drone  
  75  5:16  Drone x2  
  75  5:19  Roach  
  80  5:23  Hydralisk Den, Overlord  
  80  5:26  Spire  
  79  5:31  Overlord  
  79  5:33  Overlord  
  79  5:35  Drone x2  
  80  5:36  Drone x2  
  80  5:38  Drone x4  
  80  5:41  Overlord  
  87  5:46  Overlord  
  87  5:50  Overlord x2  
  87  5:55  Glial Reconstitution, Overlord  
  87  5:57  Drone x3  
  87  6:02  Roach  
  87  6:03  Roach  
  93  6:04  Roach  
  93  6:05  Roach x2  
  93  6:09  Drone  
  100  6:12  Drone  
  100  6:16  Roach x2  
  100  6:17  Roach  
  107  6:20  Roach x2  
  111  6:29  Overlord  
  111  6:33  Drone  
  111  6:34  Extractor, Drone x3  
  111  6:35  Extractor  
  111  6:41  Drone x4  
  111  6:42  Corruptor, Drone x2  
  111  6:43  Hatchery  
  111  6:45  Corruptor x2  
  122  6:48  Zerg Flyer Weapons Level 1  
  122  6:52  Corruptor x2  
  126  6:54  Corruptor  
  126  6:57  Overseer  
  126  6:58  Corruptor  
  126  7:00  Corruptor  
  132  7:03  Corruptor  
  132  7:06  Corruptor  
  132  7:08  Overlord  
  136  7:10  Corruptor  
  136  7:13  Corruptor  
  140  7:16  Corruptor  
  140  7:19  Corruptor  
  140  7:20  Hatchery  
  144  7:23  Corruptor  
  145  7:31  Roach  
  145  7:32  Roach x6  
  145  7:33  Roach  
  145  7:36  Roach x2  
  165  7:37  Roach  
  165  7:42  Roach x3  
  165  7:44  Overlord  
  173  7:46  Roach  
  175  7:55  Overlord x2  
  175  8:00  Infestation Pit, Overlord  
  172  8:10  Roach  
  172  8:11  Zergling x8, Roach x10  
  184  8:17  Zergling x2, Roach x2  
  185  8:20  Zergling x2  
  185  8:21  Zergling x2  
  185  8:24  Drone  
  185  8:25  Evolution Chamber  
  187  8:28  Ravager x2  
  187  8:31  Zergling x10  
  194  8:37  Hive  
  194  8:39  Zergling x2  
  194  8:40  Ravager x2, Roach  
  194  8:41  Ravager  
  168  9:13  Corruptor x2  
  168  9:14  Corruptor x3  
  168  9:15  Zergling x40  
  168  9:16  Zergling x2  
  199  9:21  Roach  
  195  9:26  Zergling x4  
  189  9:33  Roach x2  
  189  9:34  Roach  
  189  9:37  Roach  
  186  9:44  Roach x2  
  181  9:50  Zergling x6, Roach x3  
  181  9:51  Zergling x4  
  183  10:00  Greater Spire  
  183  10:02  Zerg Missile Weapons Level 1  
  183  10:03  Lair  
Tags
 
Add a new tag
Caveats
  • Supply blocks, unpowered buildings, or Contaminate may cause inaccurate times.
  • Supply counts are checked every 10 seconds.